 Dungeon Crawl Stone Soup version 0.31-a0-145-g046c7d2549 (webtiles) character file.

Game seed: 18369464365899418009

319 avis the Cleaver (level 6, -1/52 HPs)
             Began as a Hill Orc Fighter on June 6, 2023.
             Succumbed to Sigmund's poison
             ... on level 4 of the Dungeon.
             The game lasted 00:10:48 (2436 turns).

avis the Cleaver (Hill Orc Fighter)                 Turns: 2436, Time: 00:10:48

Health: -1/52      AC: 10    Str: 21    XL:     6   Next: 46%
Magic:  1/6        EV:  7    Int:  8    God:
Gold:   229        SH:  4    Dex: 10    Spells: 5/5 levels left

rFire   + . .        a - +0 broad axe
rCold   . . .        c - +0 buckler
rNeg    . . .        t - +0 chain mail
rPois   .            (no helmet)
rElec   .            (no cloak)
rCorr   .            h - +0 pair of gloves
SInv    .            (no boots)
Will    .....        k - amulet of guardian spirit Stlth
                     f - ring of protection from fire
HPRegen 0.28/turn    (no ring)
MPRegen 0.10/turn

%: guardian spirit
@: mighty, brilliant, lethally poisoned (-1 -> -10), hasted, very quick
A: no striking features
a: no special abilities


You were on level 4 of the Dungeon.
You visited 1 branch of the dungeon, and saw 4 of its levels.

You collected 229 gold pieces.

Inventory:

Hand Weapons
 a - a +0 broad axe (weapon)
 e - a +0 war axe
 v - a +0 heavy hand axe
 x - a +0 spear
 y - a +0 halberd
Missiles
 g - 27 poisoned darts (quivered)
 r - 5 curare-tipped darts
 z - 3 boomerangs
Armour
 c - a +0 buckler (worn)
 h - a +0 pair of gloves (worn)
 j - a +2 robe of resistance
 t - a +0 chain mail (worn)
 w - a +0 chain mail
Jewellery
 f - a ring of protection from fire (left hand)
 k - an amulet of guardian spirit (around neck)
Scrolls
 b - a scroll of magic mapping {unknown}
 q - 2 scrolls of identify {unknown}
 u - a scroll of teleportation {unknown}
 A - a scroll of fog {unknown}
Potions
 i - a potion of ambrosia {unknown}
 l - a potion of attraction {unknown}
 m - a potion of curing {unknown}
 n - 2 potions of haste
 o - a potion of invisibility {unknown}
 p - a potion of lignification {unknown}
 s - a potion of brilliance


   Skills:
 - Level 4.0 Fighting
 * Level 8.6 Axes
 + Level 3.3 Armour
 - Level 3.2 Shields


You had 5 spell levels left.
You didn't know any spells.
Your spell library was empty.

Dungeon Overview and Level Annotations

Branches:
Dungeon (4/15)
 Temple: D:4-7

Altars:
Sif Muna

Shops:
D:1 *

Annotations:
D:4 Sigmund


Message History

Sigmund shouts!
Sigmund screams, "Only death can liberate you!"
You see here 5 stones.
You feel very mighty all of a sudden.
Sigmund hits you with a +5 scythe of venom.
You barely miss Sigmund. You closely miss Sigmund.
Sigmund hits you with a +5 scythe of venom!
You are poisoned.
You slash Sigmund!
Sigmund is heavily wounded.
You feel very sick.
Sigmund hits you with a +5 scythe of venom!
You are more poisoned.
You hit Sigmund.
Sigmund is heavily wounded.
You feel very sick. Sigmund hits you but does no damage.
You are lethally poisoned!
You barely miss Sigmund.
Sigmund is heavily wounded.
You feel extremely sick.
You hit Sigmund.
Sigmund is severely wounded.
* * * LOW HITPOINT WARNING * * *
You feel very sick. You block Sigmund's attack.
You closely miss Sigmund.
Sigmund is severely wounded.
* * * LOW HITPOINT WARNING * * *
You feel very sick.
Sigmund hits you with a +5 scythe of venom!
* * * LOW HITPOINT WARNING * * *
It was a potion of brilliance.
You feel clever all of a sudden.
* * * LOW HITPOINT WARNING * * *
You feel very sick. Sigmund hits you but does no damage.
It was a potion of haste.
You feel yourself speed up.
You die...

......... .........
#....... #.....#
#.....# ## #....##
..# #..@..# ...#
#...@!## .. ....##
##....(.#....
....##.............
#.........###.....
#......### #...
###<..## .. #...# .
.#######..##
..........#


You could see Sigmund.

Vanquished Creatures
  Grinder (D:3)
  4 gnolls
  An adder (D:2)
  A white imp (D:3)
  2 worms (D:3)
  A dart slug (D:3)
  5 orcs (D:3)
  4 ball pythons
  6 endoplasms
  3 giant cockroaches
  A goblin (D:2)
  8 hobgoblins
  4 jackals (D:1)
  3 quokkas
  6 bats
  3 frilled lizards
  3 kobolds
  2 rats
58 creatures vanquished.

Notes
Turn   | Place    | Note
-------+----------+-------------------------------------------
     0 | D:1      | avis the Hill Orc Fighter began the quest for the Orb.
     0 | D:1      | Reached XP level 1. HP: 19/19 MP: 1/1
    23 | D:1      | Reached skill level 3 in Axes
   140 | D:1      | Reached XP level 2. HP: 26/26 MP: 2/2
   275 | D:1      | Reached skill level 4 in Axes
   304 | D:1      | Found Migigh's Assorted Antiques.
   455 | D:1      | Reached XP level 3. HP: 30/31 MP: 3/3
   877 | D:2      | Reached skill level 5 in Axes
  1471 | D:3      | Reached XP level 4. HP: 38/39 MP: 4/4
  1680 | D:3      | Found a faded altar of an unknown god.
  1780 | D:3      | Reached skill level 6 in Axes
  1913 | D:3      | Reached XP level 5. HP: 39/45 MP: 3/5
  2027 | D:3      | Noticed Grinder
  2038 | D:3      | Paralysed by Grinder for 2 turns
  2040 | D:3      | Killed Grinder
  2041 | D:3      | Reached skill level 8 in Axes
  2041 | D:3      | Reached XP level 6. HP: 27/52 MP: 3/6
  2199 | D:3      | Found a shimmering blue altar of Sif Muna.
  2423 | D:4      | Noticed Sigmund
  2435 | D:4      | HP: 1/52 [poisoned by Sigmund]
  2436 | D:4      | Succumbed to Sigmund's poison

Illustrated notes

Levels and vault maps discovered:
D:1:      spicycebolla_arrival_transporter_tutorial, layout_basic, serial_shops,
          shop, minmay_misc_feat_nine_boxes
D:2:      layout_loops_cross, minmay_misc_feat_secret_circle,
          minmay_tiny_reverse_x
D:3:      layout_basic, led_sif_pool, basic_ecumenical_altar, uniq_grinder
D:4:      layout_layer_cave, item_on_display_a, uniq_pikel, uniq_sigmund

Skill      XL: |  1  2  3  4  5 |
---------------+----------------+-----
Axes           | 3 4 5 6 8 |  8.6
Fighting       | 4 |  4.0
Armour         | |  3.3
Shields        | |  3.2

Action                     |  1- 3 |  4- 6 || total
---------------------------+-------+-------++-------
  Melee: War axe           |    10 |       ||    10
         Broad axe         |    87 |    54 ||   141
    Use: Potion            |       |     4 ||     4
 Armour: Scale mail        |    80 |     1 ||    81
         Chain mail        |       |    17 ||    17
  Dodge: Dodged            |    50 |    10 ||    60
  Block: Buckler           |    29 |    14 ||    43

Table legend: (Time is in decaauts)
 A = Elapsed time spent in this place.
 B = Non-inter-level travel time spent in this place.
 C = Inter-level travel time spent in this place.
 D = Time resting spent in this place.
 E = Time spent auto-exploring this place.
 F = Levels seen in this place.
 G = Mean time per level.
                   A        B        C        D        E       F      G
               +--------+--------+--------+--------+--------+-----+--------+
         Total |   2498 |   2276 |    222 |    159 |   1299 |   4 |  624.5 |
       Dungeon |   2498 |   2276 |    222 |    159 |   1299 |   4 |  624.5 |
               +--------+--------+--------+--------+--------+-----+--------+

Top non-repeatable levels by time:
     D:1: 911 daAuts
     D:3: 892 daAuts
     D:2: 670 daAuts
     D:4: 24 daAuts
